 Dungeon Crawl Stone Soup version 0.29.1-15-g9cfb28693d (webtiles) character file.

Game seed: 331096854406509320

116294 Jase the Impaler (level 16, 0/127 HPs)
             Began as a Merfolk Gladiator on Apr 1, 2023.
             Was an Elder of Ashenzari.
             Shot with an arrow by a centaur warrior (22 damage)
             ... on level 13 of the Dungeon.
             The game lasted 02:12:24 (27314 turns).

Jase the Impaler (Merfolk Gladiator)               Turns: 27314, Time: 02:12:25

Health: 0/127      AC: 13    Str: 15    XL:     16   Next: 71%
Magic:  16/16      EV: 22    Int: 14    God:    Ashenzari [****..]
Gold:   1714       SH:  5    Dex: 16    Spells: 8/15 levels left

rFire   x . .      SeeInvis +   a - +5 glaive (protect)
rCold   + . .      Faith    .   (shield currently unavailable)
rNeg    . . .      Spirit   .   y - +1 ring mail "Mistrust of Ashenzari" {Slay+6, Melee, Comp} (curse)
rPois   .          Reflect  +   D - +0 helmet of the Cursed Sky {Alch, Self} (curse)
rElec   .          Harm     .   I - +2 cloak "Behold Eternity" {rCorr, Comp, Elem} (curse)
rCorr   +          Rampage  .   i - +0 pair of gloves
Will    +....      Clarity  +   u - +0 pair of boots of Ashenzari's Prison {Comp, Range} (curse)
Stlth   +.........              A - amulet "Visionary of Ashenzari" {Reflect SH+5, Self, Evo} (curse)
HPRegen 0.31/turn               w - ring of the Lashed Augurer {EV+4, Evo, Cun} (curse)
MPRegen 0.15/turn               g - ring of ice

@: no status effects
A: (nimble swimmer 2), mertail
a: Renounce Religion, Shatter the Chains


You were on level 13 of the Dungeon.
You worshipped Ashenzari.
Ashenzari was greatly pleased with you.
You visited 3 branches of the dungeon, and saw 20 of its levels.
You also visited: Bailey and Ice Cave.

You collected 3057 gold pieces.
You spent 1343 gold pieces at shops.

Inventory:

Hand Weapons
 a - a +5 glaive of protection (weapon)
 b - a +1 spear of freezing
 c - a +2 scythe of venom
 E - a +5 halberd
Missiles
 e - a javelin
 k - 103 stones
 l - a silver boomerang
 s - 29 poisoned darts (quivered)
 F - 3 boomerangs
 P - 7 curare-tipped darts
Armour
 i - a +0 pair of gloves (worn)
 u - the cursed +0 pair of boots of Ashenzari's Prison (worn) {Comp, Range}
   (You found it on level 3 of the Dungeon)

   It has a curse which improves the following skills: Companions: Summonings
   and Necromancy.
   Ranged Combat: Ranged Weapons and Throwing.
 y - the cursed +1 ring mail "Mistrust of Ashenzari" (worn) {Slay+6, Melee, Comp}
   (You found it on level 5 of the Dungeon)

   Slay:      It affects your accuracy & damage with ranged weapons and melee
   (+6).
   It has a curse which improves the following skills: Melee Combat: Short
   Blades, Long Blades, Axes, Maces & Flails, Polearms, Staves and Unarmed
   Combat.
   Companions: Summonings and Necromancy.
 z - a +2 leather armour of fire resistance
 D - the cursed +0 helmet of the Cursed Sky (worn) {Alch, Self}

   It has a curse which improves the following skills: Alchemy: Poison Magic and
   Transmutations.
   Introspection: Fighting and Spellcasting.
 I - the cursed +2 cloak "Behold Eternity" (worn) {rCorr, Comp, Elem}
   (You took it off Crazy Yiuf on level 6 of the Dungeon)

   It has a curse which improves the following skills: Companions: Summonings
   and Necromancy.
   Elements:  Fire Magic, Ice Magic, Air Magic and Earth Magic.
Magical Staves
 n - a staff of cold
Jewellery
 g - a ring of ice (right hand)
 v - the ring "Uskuf" {Str-4 Dex+4 SInv}
   (You found it on level 11 of the Dungeon)

   [ring of see invisible]

   Str:       It affects your strength (-4).
   Dex:       It affects your dexterity (+4).
   SInv:      It lets you see invisible.
 w - the cursed ring of the Lashed Augurer (left hand) {EV+4, Evo, Cun}
   (You found it on level 3 of the Dungeon)

   [ring of evasion]

   EV:        It affects your evasion (+4).
   It has a curse which improves the following skills: Evocations: Evocations.
   Cunning:   Dodging and Stealth.
 A - the cursed amulet "Visionary of Ashenzari" (around neck) {Reflect SH+5, Self, Evo}
   (You found it on level 6 of the Dungeon)

   [amulet of reflection]

   It reflects blocked missile attacks.
   SH:        It affects your SH (+5).
   It has a curse which improves the following skills: Introspection: Fighting
   and Spellcasting.
   Evocations: Evocations.
 T - a ring of poison resistance
 W - the ring of Zialar {rF+ Will+}
   (You found it on level 5 of the Lair of Beasts)

   [ring of willpower]

   rF:        It protects you from fire.
   Will:      It increases your willpower.
Wands
 t - a wand of paralysis (28)
 x - a wand of digging (6)
 H - a wand of roots (26)
 N - a wand of flame (13)
 S - a wand of light (3)
 V - a wand of polymorph (4)
Scrolls
 d - 4 scrolls of amnesia
 m - 5 scrolls of blinking
 p - 6 scrolls of magic mapping
 r - 9 scrolls of teleportation
 B - 3 scrolls of summoning
 G - a scroll of butterflies
 O - a scroll of silence
Potions
 f - a potion of ambrosia
 h - 3 potions of berserk rage
 j - 9 potions of curing
 o - 10 potions of brilliance
 q - 3 potions of heal wounds
 J - 2 potions of flight
 K - a potion of haste
 L - 2 potions of might
 R - 2 potions of magic
 U - 4 potions of cancellation
Miscellaneous
 C - a box of beasts
 M - a lightning rod (4/4)
 Q - a phantom mirror
 X - a phial of floods


   Skills:
 - Level 9.0(12.0) Fighting
 - Level 18.2(20.0) Polearms
 - Level 2.0(3.5) Throwing
 - Level 4.0 Armour
 - Level 12.1(14.0) Dodging
 + Level 3.7 Conjurations
 - Level 1.1(3.3) Summonings
 * Level 15.2(17.1) Transmutations
 - Level 16.1(18.0) Ice Magic
 + Level 7.9(10.9) Evocations


You had 8 spell levels left.
You knew the following spells:

 Your Spells              Type           Power      Damage    Failure   Level
a - Ozocubu's Armour      Ice            66%        N/A       1%          3
b - Wereblood             Tmut           48%        N/A       1%          2
p - Passwall              Tmut/Erth      20%        N/A       2%          2

Your spell library contained the following spells:

 Spells                   Type           Power      Damage    Failure   Level
 Blade Hands              Tmut           24%        N/A       1%          5
 Irradiate                Conj/Tmut      14%        3d16      21%         5
 Metabolic Englaciation   Hex/Ice        19%        N/A       34%         5
 Dragon Form              Tmut           24%        N/A       36%         7
 Alistair's Intoxication  Tmut/Pois      16%        N/A       38%         5
 Sandblast                Erth           0%         2d4       43%         1
 Sublimation of Blood     Necr           1%         N/A       54%         2
 Stone Arrow              Conj/Erth      10%        3d7       56%         3
 Freezing Cloud           Conj/Ice/Air   15%        6-21      56%         5
 Poisonous Vapours        Pois/Air       0%         N/A       58%         2
 Simulacrum               Ice/Necr       19%        N/A       87%         6
 Eringya's Noxious Bog    Tmut/Pois      12%        N/A       92%         6
 Corpse Rot               Necr/Pois/Air  1%         N/A       99%         4
 Dispel Undead            Necr           1%         3d6       99%         4
 Borgnjor's Vile Clutch   Necr/Erth      0%         N/A       100%        5
 Death Channel            Necr           0%         N/A       100%        6
 Summon Hydra             Summ           4%         N/A       100%        7
 Polar Vortex             Ice            33%        N/A       100%        9


Dungeon Overview and Level Annotations

Branches:
Dungeon (13/15)            Temple (0/1) D:6            Lair (5/5) D:10
 Shoals (0/4) Lair:3       Spider (0/4) Lair:2        Slime (0/5) Lair:4
    Orc (2/2) D:11            Elf (0/3) Orc:2        Bailey (visited)
  IceCv (visited)
 Vaults: D:13-14

Altars:
Ashenzari
Cheibriados
Elyvilon
Gozag
Okawaru
Qazlal
Ru
Uskayaw
Vehumet
Xom
Yredelemnul
The Shining One
Jiyva
Lugonu

Shops:
Orc:2 *=?*:

Portals:
Abyss: Lair:5

Annotations:
D:11 5 transporters
Lair:4 1 runed translucent door
Orc:1 2 transporters, cowcol's ghost, journeyman MiFi


Innate Abilities, Weirdness & Mutations

((You are very nimble when in or above water. (Stealth+, EV+, Speed+++)))
Your lower body shifts to a powerful aquatic tail in water.


Message History

You hear a horrible gurgling sound!
You hear a shout!
Things that are here:
a +0 giant club; a +0 giant spiked club A kobold demonologist, a boulder beetle and a vampire mosquito come into view.
The kobold demonologist shouts!
The vampire mosquito buzzes angrily.
You hear a shout!
You hear a bark!
The centaur warrior shoots an arrow.
The arrow hits you!
The centaur warrior shoots an arrow.
The arrow hits you!
* * * LOW HITPOINT WARNING * * *
A meliai comes into view. It is wielding a +0 war axe.
The centaur warrior shoots an arrow.
The arrow closely misses you.
You hear a horrible gurgling sound!
You hear a shout!
The centaur warrior shoots an arrow.
The arrow hits you!
* * * LOW HITPOINT WARNING * * *
The meliai calls down the wrath of its god upon you.
Something smites you!
* * * LOW HITPOINT WARNING * * *
The kobold demonologist begins to cast a cantrip, but forgets the words!
Okay, then.
You feel much better.
The meliai mumbles some strange prayers to its god against you.
Something smites you!
* * * LOW HITPOINT WARNING * * *
Blink to where?
Press: ? - help, Dir - move target
As you read the scroll of blinking, it crumbles to dust.
You see here a hydra corpse.
The meliai invokes the aid of its god against you.
Something smites you!
* * * LOW HITPOINT WARNING * * *
The centaur warrior shoots an arrow.
The arrow hits you!
* * * LOW HITPOINT WARNING * * *
You feel much better.
There is a stone staircase leading up here.
The meliai mumbles some strange prayers to its god against you.
Something smites you!
* * * LOW HITPOINT WARNING * * *
The centaur warrior shoots an arrow.
The arrow hits you!!
You die...

..#......,* *,,
......... * , .#
..#.,,,,,,#######.#
.##., , , #.......##
###. ,,> #.##.....
.##* ** #.##.#..#
{##########.##....# #
{##########.##.#.##.#
{###...yc{..##O.@...#
.###.#####...yc..####
.{...#####.....####
####### #########
###### #####


You could see a centaur warrior, a two-headed ogre and a meliai.

Vanquished Creatures
  A frost giant (IceCv)
  An orc warlord (Bailey)
  Nessos (Lair:3)
  A fire dragon (D:12)
  An ogre mage (Orc:1)
  6 hydras
  A catoblepas (Lair:2)
  4 boulder beetles
  3 centaur warriors (D:13)
  6 two-headed ogres
  3 thrashing horrors (Lair:5)
  11 death yaks (IceCv)
  An orb spider (Lair:2)
  Pikel (D:4)
  A lindwurm (Lair:1)
  A deep elf pyromancer (D:12)
  2 orc knights (Orc:2)
  2 ugly things
  2 manticores
  A cyclops (D:11)
  4 elephants (Lair:4)
  Joseph (D:9)
  A smoke demon (Lair:5)
  5 black mambas
  5 cane toads
  A gargoyle (D:8)
  Maggie (D:9)
  5 rime drakes
  A tengu conjurer (D:8)
  9 komodo dragons
  3 ancient zymes (Lair:5)
  A merfolk (Lair:3)
  6 trolls
  5 polar bears
  6 slime creatures
  A hornet (D:6)
  Grinder (D:5)
  24 blink frogs
  8 small abominations (Lair:5)
  A culicivora (shapeshifter) (Lair:5)
  A spriggan (Lair:5)
  Sigmund (D:6)
  2 wraiths
  A ynoxinul (Lair:5)
  7 wyverns
  63 yaks
  A wyvern (shapeshifter) (Lair:5)
  2 chaos spawn (Lair:5)
  3 steam dragons
  7 vampire mosquitoes
  7 basilisks
  A large abomination (Lair:5)
  Edmund (D:4)
  Menkaure (D:5)
  A warg (Orc:1)
  7 water moccasins
  Duvessa (D:5)
  2 ice beasts (D:5)
  48 orc warriors
  2 sky beasts (D:6)
  The ghost of monke the Trooper, an amateur HOFi (D:4)
  2 black bears
  2 lemures
  30 wolves
  9 ogres
  12 centaurs
  A phantom (D:5)
  3 kobold brigands
  9 bullfrogs
  5 scorpions
  5 two-headed ogre simulacra (D:13)
  5 wights (D:7)
  Dowan (D:5)
  6 killer bees (D:8)
  2 howler monkeys (D:10)
  10 electric eels
  19 orc priests
  Crazy Yiuf (D:6)
  6 hounds
  2 jellies (D:6)
  A scorpion zombie (D:4)
  Jessica (D:3)
  Natasha (D:3)
  Ijyb (D:5)
  24 orc wizards
  6 iguanas
  A statue (D:12)
  A wolf simulacrum (D:13)
  2 hound zombies (D:4)
  Robin (D:2)
  12 gnolls
  7 adders
  2 naga simulacra (D:13)
  2 shadow imps
  A white imp (D:6)
  An ufetubus (D:6)
  An adder zombie (D:4)
  A dart slug (D:4)
  A worm (D:4)
  88 orcs
  3 bats (D:1)
  8 endoplasms
  A giant cockroach (D:1)
  23 goblins
  15 hobgoblins
  4 jackals (D:2)
  16 kobolds
  A quokka (D:2)
  7 ball pythons
  5 frilled lizards
  A rat (D:1)
668 creatures vanquished.

Vanquished Creatures (collateral kills)
  Rupert (Lair:4)
1 creature vanquished.

Vanquished Creatures (others)
  An orc wizard (D:9)
  An orc (D:8)
  24 fungi
  89 plants
115 creatures vanquished.

Grand Total: 784 creatures vanquished

Notes
Turn   | Place    | Note
-------+----------+-------------------------------------------
     0 | D:1      | Jase the Merfolk Gladiator began the quest for the Orb.
     0 | D:1      | Reached XP level 1. HP: 16/16 MP: 1/1
   455 | D:1      | Reached XP level 2. HP: 22/22 MP: 2/2
   480 | D:1      | Found a faded altar of an unknown god.
   494 | D:1      | Prayed at the altar of an unknown god.
   494 | D:1      | Became a worshipper of Ashenzari the Shackled
   781 | D:1      | Reached skill level 5 in Polearms
   815 | D:1      | Reached XP level 3. HP: 28/28 MP: 3/3
  1276 | D:2      | Noticed Robin
  1313 | D:2      | Killed Robin
  1477 | D:2      | Reached XP level 4. HP: 34/34 MP: 4/4
  1547 | D:2      | Reached * piety under Ashenzari
  1747 | D:2      | Reached skill level 5 in Dodging
  1753 | D:2      | Reached skill level 6 in Polearms
  2172 | D:3      | Noticed Jessica
  2185 | D:3      | Killed Jessica
  2431 | D:3      | Reached XP level 5. HP: 38/41 MP: 5/5
  2527 | D:3      | Found a snail-covered altar of Cheibriados.
  2528 | D:3      | Identified the +8 rapier of Reason {venom, Str+3}
  2591 | D:3      | Reached skill level 1 in Ice Magic
  2602 | D:3      | Learned a level 3 spell: Ozocubu's Armour
  2719 | D:3      | Noticed Natasha
  2736 | D:3      | Killed Natasha
  2737 | D:3      | Reached skill level 7 in Polearms
  3117 | D:4      | Reached ** piety under Ashenzari
  3134 | D:4      | Noticed Edmund
  3159 | D:4      | Killed Edmund
  3160 | D:4      | Reached XP level 6. HP: 32/48 MP: 6/6
  3349 | D:4      | Noticed Pikel
  3438 | D:4      | Reached skill level 8 in Polearms
  3452 | D:4      | Killed Pikel
  3453 | D:4      | Reached skill level 9 in Polearms
  3453 | D:4      | Reached XP level 7. HP: 53/56 MP: 7/7
  3562 | D:4      | Noticed monke's ghost (amateur HOFi)
  3584 | D:4      | Found a runed translucent gate.
  3584 | D:4      | Found a runed translucent gate.
  3584 | D:4      | Found a runed translucent gate.
  3670 | D:4      | Reached XP level 8. HP: 52/63 MP: 8/8
  3735 | D:4      | Found a basalt altar of Yredelemnul.
  4187 | D:4      | Reached skill level 10 in Polearms
  4556 | D:5      | Entered Level 5 of the Dungeon
  4802 | D:5      | Identified the +1 ring mail of Ashenzari, Smoking {Slay+6}
  4836 | D:5      | Noticed Grinder
  4841 | D:5      | Paralysed by Grinder for 3 turns
  4847 | D:5      | Killed Grinder
  4918 | D:5      | Noticed Ijyb
  4925 | D:5      | Paralysed by Ijyb for 5 turns
  4941 | D:5      | Reached skill level 5 in Ice Magic
  4945 | D:5      | Killed Ijyb
  4946 | D:5      | Reached skill level 11 in Polearms
  5009 | D:5      | Found a white marble altar of Elyvilon.
  5019 | D:5      | Noticed Dowan
  5019 | D:5      | Noticed Duvessa
  5031 | D:5      | Killed Dowan
  5034 | D:5      | Killed Duvessa
  5103 | D:5      | Reached XP level 9. HP: 68/68 MP: 9/9
  5402 | D:5      | Noticed Menkaure
  5413 | D:5      | Killed Menkaure
  5414 | D:5      | Reached skill level 12 in Polearms
  5949 | D:6      | Found a stormy altar of Qazlal.
  5952 | D:6      | Noticed Sigmund
  5968 | D:6      | Killed Sigmund
  6295 | D:6      | Found an opulent altar of Gozag.
  6472 | D:6      | Found a staircase to the Ecumenical Temple.
  6513 | D:6      | Reached skill level 13 in Polearms
  6543 | D:6      | Noticed a hornet
  6549 | D:6      | Killed a hornet
  6845 | D:6      | Found a runed translucent door.
  6846 | D:6      | Noticed Crazy Yiuf
  7087 | D:7      | Reached XP level 10. HP: 69/76 MP: 10/10
  7089 | D:7      | Reached skill level 14 in Polearms
  7362 | D:7      | Found a flagged portal.
  7380 | Bailey   | Entered a bailey
  7635 | Bailey   | Reached skill level 15 in Polearms
  7822 | Bailey   | Noticed an orc warlord
  7834 | Bailey   | Killed an orc warlord
  7835 | Bailey   | Reached skill level 16 in Polearms
  7868 | Bailey   | Reached skill level 5 in Fighting
  7870 | Bailey   | Reached XP level 11. HP: 67/81 MP: 11/11
  8440 | D:7      | Reached *** piety under Ashenzari
  8510 | D:7      | Reached XP level 12. HP: 87/89 MP: 12/12
  8898 | D:4      | Identified the cursed +0 pair of boots of Ashenzari's
                  | Prison {Comp, Range} (You found it on level 3 of the
                  | Dungeon)
  8933 | D:4      | Killed monke's ghost
  8983 | D:6      | Killed Crazy Yiuf
  9085 | D:8      | Noticed a boulder beetle
  9096 | D:8      | Killed a boulder beetle
  9519 | D:8      | Reached skill level 17 in Polearms
  9721 | D:8      | Found an iron altar of Okawaru.
  9782 | D:8      | Found a shimmering altar of Xom.
 10452 | D:8      | Reached **** piety under Ashenzari
 10788 | D:9      | Noticed Maggie
 10791 | D:9      | Noticed Joseph
 10799 | D:9      | Killed Maggie
 10809 | D:9      | Killed Joseph
 11094 | D:9      | Found a sacrificial altar of Ru.
 11133 | D:9      | Reached skill level 18 in Polearms
 11501 | D:10     | Entered Level 10 of the Dungeon
 11688 | D:10     | Found a glowing golden altar of the Shining One.
 12267 | D:10     | Found a staircase to the Lair.
 12740 | Lair:1   | Entered Level 1 of the Lair of Beasts
 13159 | Lair:1   | Reached skill level 1 in Evocations
 13159 | Lair:1   | Reached XP level 13. HP: 82/101 MP: 13/13
 13723 | Lair:1   | Reached skill level 15 in Ice Magic
 14377 | Lair:2   | Found a hole to the Spider Nest.
 15098 | Lair:2   | Reached skill level 1 in Armour
 15507 | Lair:3   | Reached skill level 10 in Dodging
 15924 | Lair:3   | Noticed Nessos
 15945 | Lair:3   | Killed Nessos
 16355 | Lair:3   | Found a staircase to the Shoals.
 17124 | Lair:4   | Reached skill level 1 in Summonings
 17192 | Lair:4   | Identified a scroll of acquirement
 17199 | Lair:4   | Acquired 634 gold pieces
 17206 | Lair:4   | Noticed Rupert
 17482 | D:11     | Found a transporter.
 17486 | D:11     | Found a transporter.
 18049 | D:11     | Found a transporter.
 18052 | D:11     | Found a transporter.
 18404 | D:11     | Identified the +3 whip of Due Proportion {flame, +Blink
                  | Str+4}
 18470 | D:11     | Identified the ring "Uskuf" {Str-4 Dex+4 SInv}
 18759 | D:11     | Found a transporter.
 18762 | D:11     | Found a transporter.
 18794 | D:11     | Found a staircase to the Orcish Mines.
 18962 | D:12     | Noticed a fire dragon
 18977 | D:12     | Killed a fire dragon
 18978 | D:12     | Reached XP level 14. HP: 81/113 MP: 11/14
 19097 | Orc:1    | Entered Level 1 of the Orcish Mines
 19347 | Orc:1    | Reached skill level 5 in Evocations
 19666 | Orc:1    | Found a transporter.
 19674 | Orc:1    | Found a transporter.
 19690 | Orc:1    | Noticed cowcol's ghost (journeyman MiFi)
 19691 | Orc:1    | Identified the +8 giant club "Riffigul" {vorpal, rF+ rC-
                  | Str+6}
 19691 | Orc:1    | Identified the +10 great mace "Seheosao" {drain, *Slow rC++
                  | Str+3 Stlth+}
 20167 | Orc:2    | Entered Level 2 of the Orcish Mines
 20168 | Orc:2    | Found a staircase to the Elven Halls.
 20169 | Orc:2    | Found Aleafam's Assorted Antiques.
 20178 | Orc:2    | Bought a potion of invisibility for 208 gold pieces
 20178 | Orc:2    | Bought a potion of might for 104 gold pieces
 20662 | Orc:2    | Found Gearoo's Book Shoppe.
 20681 | Orc:2    | Found Pauhy's Magic Scroll Boutique.
 20681 | Orc:2    | Found Valaetti's General Store.
 20687 | Orc:2    | Found Ifaurph's Jewellery Shop.
 20706 | Orc:2    | Bought a ring of poison resistance for 300 gold pieces
 20708 | Orc:2    | Bought a scroll of enchant weapon for 97 gold pieces
 20709 | Orc:2    | Bought a scroll of teleportation for 39 gold pieces
 20709 | Orc:2    | Bought 2 scrolls of blinking for 195 gold pieces
 20712 | Orc:2    | Bought a book of Transfigurations for 400 gold pieces
 20742 | Orc:2    | Reached skill level 1 in Transmutations
 20920 | Orc:2    | Learned a level 2 spell: Wereblood
 21840 | Lair:4   | Reached skill level 5 in Transmutations
 21924 | Lair:4   | Found a viscous altar of Jiyva.
 21924 | Lair:4   | Found a staircase to the Slime Pits.
 22023 | Lair:4   | Noticed an entropy weaver
 22043 | Lair:4   | Found a runed translucent door.
 22201 | Lair:4   | Paralysed by Rupert for 5 turns
 22215 | Lair:4   | Killed Rupert
 22721 | Lair:5   | Entered Level 5 of the Lair of Beasts
 23029 | Lair:4   | Learned a level 2 spell: Passwall
 23383 | Lair:5   | Found a hide-covered altar of Uskayaw.
 23578 | Lair:5   | Reached skill level 10 in Transmutations
 23578 | Lair:5   | Reached XP level 15. HP: 104/122 MP: 15/15
 24290 | Lair:5   | Found a corrupted altar of Lugonu.
 24290 | Lair:5   | Found a one-way gate to the infinite horrors of the Abyss.
 24548 | Lair:5   | Identified the ring of Zialar {rF+ Will+}
 25132 | D:12     | Found a radiant altar of Vehumet.
 25648 | D:13     | Found a frozen archway.
 25685 | IceCv    | Entered an ice cave
 25986 | IceCv    | Reached skill level 1 in Conjurations
 26075 | IceCv    | Reached XP level 16. HP: 127/127 MP: 16/16
 27253 | D:13     | Reached skill level 15 in Transmutations
 27314 | D:13     | Shot with an arrow by a centaur warrior

Illustrated notes

Levels and vault maps discovered:
D:1:      dpeg_arrival_fog, layout_loops_ring,
          hellmonk_ecumenical_altar_zigzags, minmay_indecisive_spiral
D:2:      layout_basic, uniq_robin
D:3:      layout_loops_ring, mainiacjoe_overflow_brackets, uniq_natasha,
          uniq_jessica
D:4:      layout_loops_cross, nicolae_yredelemnul_corpse_copse,
          gammafunk_ghost_split, nicolae_kite_square_tiling_tiny, uniq_edmund,
          uniq_pikel
D:5:      layout_gridville, mainiacjoe_overflow_cross_hatched, uniq_menkaure,
          uniq_grinder, uniq_duvessa, uniq_ijyb
D:6:      layout_cave_pools, nicolae_gozag_seed_capital,
          mainiacjoe_overflow_chevrons, minmay_temple_entry_fiery,
          minmay_increasing_density, uniq_sigmund, uniq_crazy_yiuf_cottage
D:7:      layout_loops_ring, enter_bailey_6, small_statue_intersection,
          hangedman_decor_growths
D:8:      minmay_diamond_stairs, layout_rooms,
          mainiacjoe_overflow_six_doors_small, mainiacjoe_overflow_tiny_flanked,
          serial_bayou, serial_bayou_pond_c, serial_bayou_shore_a,
          serial_bayou_crossing, serial_bayou_lagoon_a
D:9:      layout_loops_ring, nicolae_ru_sacrificial_ziggurat, uniq_maggie,
          uniq_joseph
D:10:     layout_stronghold, nicolae_tso_swordbearing_angel, erik_lair_dragon
D:11:     layout_basic, orc_0_dummy, serial_nicolae_subway,
          nicolae_sub_station_crystal, nicolae_sub_station_metal,
          nicolae_sub_station_stone
D:12:     layout_gridville, vehumet_statue
D:13:     minmay_the_grid_square_5x5_5x5_mashed
          [minmay_the_grid_square_5x5_checkered_statues,
          minmay_the_grid_square_5x5_hollow_slash,
          minmay_the_grid_square_5x5_tetrominoes,
          minmay_the_grid_square_5x5_eight_small,
          minmay_the_grid_square_5x5_beaten_path,
          minmay_the_grid_square_5x5_minibox,
          minmay_the_grid_square_5x5_prize_pseudospiral,
          minmay_the_grid_square_5x5_detours,
          minmay_the_grid_square_5x5_prize_junk,
          minmay_the_grid_square_5x5_trominoes,
          minmay_the_grid_square_5x5_inner_i,
          minmay_the_grid_square_5x5_six_small,
          minmay_the_grid_square_5x5_prize_monsterx,
          minmay_the_grid_square_5x5_six, minmay_the_grid_square_5x5_forky,
          minmay_the_grid_square_5x5_spiral_small,
          minmay_the_grid_square_5x5_prize_gold,
          minmay_the_grid_square_5x5_shrine1,
          minmay_the_grid_square_5x5_prize_rear_guard,
          minmay_the_grid_square_5x5_meh, minmay_the_grid_square_5x5_slash,
          minmay_the_grid_square_5x5_broken_cross,
          minmay_the_grid_square_5x5_spiral,
          minmay_the_grid_square_5x5_two_walls_b,
          minmay_the_grid_square_5x5_half_checkered], layout_loops_cross,
          david_vaults_4, portal_ice_cave_entry_ice_simulacra, uniq_azrael
Lair:1:   layout_cellular_growth, st_stairs_5, nicolae_lair_lindhole
Lair:2:   layout_loops_ring, nicolae_spider_entry_orb_guardian
Lair:3:   layout_layer_cave, elwin_shoals_entry_rooms,
          infiniplex_staircase_pool, uniq_nessos
Lair:4:   gammafunk_mikee_crab_dinner, layout_cave_pods,
          dpeg_slime_entry_enclosed, uniq_rupert
Lair:5:   hellmonk_lair_end_abyssal_woods, layout_cave_pods, basic_altar
Orc:1:    layout_caves, gammafunk_ghost_smash
Orc:2:    st_orc_rangers, layout_caves, serial_shops,
          nicolae_shop_overgrown_old_shop

Skill      XL: |  1  2  3  4  5  6  7  8  9 10 11 12 13 14 15 16 |
---------------+-------------------------------------------------+-----
Polearms       | 5 6 7 9 11 13 16 18 | 18.2
Dodging        | 5 6 7 9 10 11 12 | 12.1
Ice Magic      | 2 3 5 7 13 14 16 | 16.1
Fighting       | 3 4 5 6 8 9 |  9.0
Evocations     | 1 4 7 |  7.9
Armour         | 3 4 |  4.0
Summonings     | 1 |  1.1
Transmutations | 10 14 15 | 15.2
Conjurations   | 2 3 |  3.7
Throwing       | |  2.0

Action                   |  1- 3 |  4- 6 |  7- 9 | 10-12 | 13-15 | 16-18 || total
-------------------------+-------+-------+-------+-------+-------+-------++-------
Melee: Trident           |   132 |   188 |   215 |       |       |       ||   535
       Punch             |     1 |       |     3 |       |     1 |     1 ||     6
       Tailslap          |       |     5 |     1 |       |     3 |       ||     9
       Halberd           |       |       |    69 |   517 |   316 |       ||   902
       Glaive            |       |       |       |    10 |   757 |   120 ||   887
       Spear             |       |       |       |       |    33 |    12 ||    45
Throw: Stone             |       |     5 |       |       |       |       ||     5
       Dart              |       |     8 |     4 |       |       |       ||    12
       Throwing net      |       |     4 |       |       |       |       ||     4
 Cast: Ozocubu's Armour  |       |       |     3 |    16 |    74 |     9 ||   102
       Wereblood         |       |       |       |       |    15 |     3 ||    18
Invok: Curse Item        |     1 |     2 |     3 |     2 |     2 |       ||    10
       Shatter the Chain |       |       |     2 |       |     2 |       ||     4
Evoke: Wand              |       |       |     1 |       |     5 |       ||     6
       Phantom mirror    |       |       |       |       |     2 |       ||     2
       Lightning rod     |       |       |       |       |     4 |       ||     4
  Use: Potion            |       |       |     1 |     2 |     8 |     2 ||    13
       Scroll            |       |       |       |     5 |     9 |     1 ||    15
 Stab: Sleeping          |     2 |       |     1 |     1 |     2 |       ||     6
       Held in net/web   |       |     4 |       |       |       |       ||     4
       Paralysed         |       |       |     2 |       |       |       ||     2
       Distracted        |       |       |     1 |     1 |       |       ||     2
       Fleeing           |       |       |       |       |     2 |       ||     2
Armor: Leather armour    |    25 |    31 |    19 |       |       |       ||    75
       Ring mail         |       |       |    13 |    27 |   150 |    17 ||   207
Dodge: Dodged            |    66 |    93 |    96 |   135 |   675 |    55 ||  1120
Block: Other             |       |       |     7 |    40 |   155 |    20 ||   222
       Reflection        |       |       |       |     7 |    27 |     3 ||    37
